 Dungeon Crawl Stone Soup version 0.18-a0-1497-g788d838 (webtiles) character file.

159 milladamen the Shield-Bearer (level 5, -2/46 HPs)
             Began as a Hill Orc Fighter on Mar 4, 2016.
             Was an Initiate of Beogh.
             Slain by a slave (5 damage)
             ... led by Pikel
             ... on level 4 of the Dungeon.
             The game lasted 00:07:40 (1798 turns).

milladamen the Shield-Bearer (Hill Orc Fighter)     Turns: 1798, Time: 00:07:40

Health: -2/46      AC:  8    Str: 20    XL:     5   Next: 40%
Magic:  5/5        EV: 11    Int:  8    God:    Beogh [......]
Gold:   120        SH: 10    Dex: 10    Spells: 0 memorised, 4 levels left

rFire  . . .     SeeInvis .     a - +0 war axe
rCold  . . .     Gourm    .     b - +1 scale mail
rNeg   . . .     Faith    .     c - +0 shield
rPois  .         Spirit   .     (no helmet)
rElec  .         Dismiss  .     (no cloak)
rCorr  .         Reflect  .     (no gloves)
SustAt .         Harm     .     (no boots)
MR     .....                    (no amulet)
Stlth  ..........               (no ring)
                                y - +3 ring of evasion

@: not resistant to hostile enchantments, extremely unstealthy
A: no striking features
a: Renounce Religion


You were on level 4 of the Dungeon.
You worshipped Beogh.
Beogh was noncommittal.
You were not hungry.

You visited 1 branch of the dungeon, and saw 4 of its levels.

You collected 120 gold pieces.

Inventory:

Hand Weapons
 a - a +0 war axe (weapon)
Armour
 b - a +1 scale mail (worn)
 c - a +0 shield (worn)
Jewellery
 y - a +3 ring of evasion (left hand)
Scrolls
 i - 2 scrolls of remove curse
 k - a scroll of identify
 m - a scroll of fog
 r - a scroll of teleportation
Potions
 d - 3 potions of might
 e - a potion of beneficial mutation {unknown}
 g - 2 potions of heal wounds {unknown}
 j - 3 potions of brilliance
 l - 2 potions of curing {unknown}
 o - 2 potions of lignification {unknown}
 p - a potion of haste {unknown}
 v - 3 potions of mutation
 z - a potion of agility {unknown}
 A - a potion of flight {unknown}
Comestibles
 f - 5 bread rations
 h - 4 beef jerkies
 n - 4 meat rations
 q - a slice of pizza


   Skills:
 + Level 4.1 Fighting
 + Level 3.2 Axes
 + Level 4.1 Armour
 + Level 1.9 Dodging
 + Level 0.1 Stealth
 + Level 4.5 Shields


You had 4 spell levels left.
You didn't know any spells.

Dungeon Overview and Level Annotations

Branches:
Dungeon (4/15)
 Temple: D:4-7

Altars:

Annotations:
D:4 Pikel


Message History

The slave barely misses you. The slave hits you but does no damage.
The slave barely misses you. x2
You completely miss the slave. You hit the slave.
The slave is lightly wounded.
The slave closely misses you. x2
You hit the slave but do no damage. You barely miss the slave.
The slave is lightly wounded.
You block the slave's attack. x2; The slave hits you!
* * * LOW HITPOINT WARNING * * *
The slave hits you but does no damage.
You hit the slave.
The slave is lightly wounded.
You closely miss the slave.
The slave is lightly wounded.
The slave hits you.
* * * LOW HITPOINT WARNING * * *
The slave hits you.
* * * LOW HITPOINT WARNING * * *
The slave hits you.
You die...

#.........##......##.####.
#.........####.....#.# #
###..............#...# .
#.##..########.##### #.# #
##.## #... # #..# #.###
##.#######.####
##.#p.oloo.....
#..@p##Kop..<..
#.#...#p.......
...#...#..K.....
######.##...p....
............ #.#####.####
#.. .# ..


You could see 2 slaves, an iguana and 3 orcs.

Vanquished Creatures
  The ghost of milladamen the Skirmisher, a weakling HOFi (D:3)
  3 gnolls (D:2)
  3 adders
  An ooze (D:4)
  A worm (D:3)
  2 dart slugs
  2 giant geckos
  10 orcs
  7 bats
  5 giant cockroaches
  6 goblins
  6 hobgoblins
  3 giant newts
  4 kobolds
  8 rats
62 creatures vanquished.

Vanquished Creatures (others)
  A dart slug (D:3)
  A hobgoblin (D:3)
  A ball python (D:3)
  A rat (D:3)
4 creatures vanquished.

Grand Total: 66 creatures vanquished

Notes
Turn   | Place    | Note
--------------------------------------------------------------
     0 | D:1      | milladamen the Hill Orc Fighter began the quest for the Orb.
     0 | D:1      | Reached XP level 1. HP: 19/19 MP: 1/1
   257 | D:1      | Reached XP level 2. HP: 27/27 MP: 2/2
   695 | D:2      | Reached XP level 3. HP: 29/33 MP: 3/3
   917 | D:2      | Reached XP level 4. HP: 26/40 MP: 4/4
   918 | D:2      | Reached skill level 1 in Dodging
  1213 | D:3      | Became a worshipper of Beogh the Brigand
  1286 | D:3      | Noticed milladamen's ghost (weakling HOFi)
  1304 | D:3      | Killed milladamen's ghost
  1304 | D:3      | Reached XP level 5. HP: 14/46 MP: 5/5
  1784 | D:4      | Noticed a slave
  1784 | D:4      | Noticed a slave
  1785 | D:4      | Noticed a slave
  1785 | D:4      | Noticed Pikel
  1786 | D:4      | Noticed a slave
  1798 | D:4      | Slain by a slave

Vault maps used:
D:1:      dpeg_arrival_simpleton_c
D:4:      minmay_temple_entry_enclosed_plants, uniq_pikel

Skill      XL: |  1  2  3  4 |
---------------+-------------+-----
Shields        | 4 |  4.5
Armour         | 4 |  4.1
Axes           | 3 |  3.2
Dodging        | 1 |  1.9
Fighting       | 4 |  4.1
Stealth        | |  0.1

Action                   |  1- 3 |  4- 6 || total
-------------------------+-------+-------++-------
Melee: War axe           |   100 |   128 ||   228
Invok: Convert to Beogh  |       |     1 ||     1
  Use: Scroll            |       |    11 ||    11
  Eat: Fruit             |       |     4 ||     4
